 Dungeon Crawl Stone Soup version 0.30-a0-39-g42789b21ef (webtiles) character file.

Game seed: 11319379279005581744

133 ytrimaz the Insei (level 5, -2/33 HPs)
             Began as an Octopode Transmuter on Aug 28, 2022.
             Slain by an iguana (14 damage)
             ... on level 3 of the Dungeon.
             The game lasted 00:02:16 (2564 turns).

ytrimaz the Insei (Octopode Transmuter)             Turns: 2564, Time: 00:02:17

Health: -2/33      AC:  2    Str:  9    XL:     5   Next: 16%
Magic:  11/17      EV: 19    Int: 17    God:
Gold:   68         SH:  0    Dex: 18    Spells: 3/9 levels left

rFire   . . .      SeeInvis .      - Unarmed
rCold   . . .      Faith    .    (shield currently unavailable)
rNeg    . . .      Spirit   .    (helmet currently unavailable)
rPois   x          Reflect  .    (no amulet)
rElec   .          Harm     .    g - ring of magical power
rCorr   .          Rampage  .    (no ring)
Will    .....                    (no ring)
Stlth   ++........               (no ring)
HPRegen 0.11/turn                (no ring)
MPRegen 0.15/turn                (no ring)
                                 (no ring)
                                 (no ring)

@: spider-form, very slightly contaminated
A: venomous fangs, almost no armour, (amphibious), 8 rings, tiny, (camouflage
1), (gelatinous body 1), (nimble swimmer 1), (tentacles)
a: End Transformation


You were on level 3 of the Dungeon.
You were a venomous arachnid creature.
You visited 1 branch of the dungeon, and saw 3 of its levels.

You collected 68 gold pieces.

Inventory:

Jewellery
 g - a ring of magical power (left front leg)
Scrolls
 a - 2 scrolls of teleportation
 b - a scroll of butterflies
 j - a scroll of fear
Potions
 d - a potion of brilliance {unknown}
 e - a potion of attraction {unknown}
 f - 2 potions of haste {unknown}
 h - a potion of might {unknown}
 i - a potion of flight {unknown}


   Skills:
 - Level 1.0 Fighting
 - Level 2.0 Dodging
 - Level 4.2 Unarmed Combat
 + Level 2.6 Spellcasting
 + Level 2.7 Transmutations
 * Level 2.6 Poison Magic


You had 3 spell levels left.
You knew the following spells:

 Your Spells              Type           Power      Damage    Failure   Level
a - Beastly Appendage     Tmut           22%        N/A       17%         1
b - Wereblood             Tmut           11%        N/A       22%         2
c - Spider Form           Tmut/Pois      11%        N/A       38%         3

Your spell library contained the following spells:

 Spells                   Type           Power      Damage    Failure   Level
 Ignite Poison            Fire/Tmut/Pois 8%         N/A       47%         3
 Ensorcelled Hibernation  Hex/Ice        4%         N/A       50%         2
 Conjure Flame            Conj/Fire      2%         6-21      71%         3
 Ice Form                 Ice/Tmut       6%         N/A       87%         4
 Anguish                  Hex/Necr       1%         N/A       96%         4
 Sticky Flame             Conj/Fire      2%         2d3       96%         4


Dungeon Overview and Level Annotations

Branches:
Dungeon (3/15)

Altars:

Annotations:
D:2 1 runed translucent door, Crazy Yiuf
D:3 ponyjar's ghost, weakling KoDe


Innate Abilities, Weirdness & Mutations

You are a venomous arachnid creature.
You have poisonous fangs.
You are tiny and dextrous.
Your spellcasting is less reliable in this form.
Your armour is entirely melded.
You are incapable of wielding weapons or throwing items.
You cannot wear most types of armour.
((You are amphibious.))
You can wear up to eight rings at the same time.
((Your skin changes colour to match your surroundings (Stealth+).))
((Your rubbery body absorbs attacks. (AC +1, EV +1)))
((You are camouflaged when in or above water. (Stealth+)))
((You have tentacles for arms and can constrict up to eight enemies at once.))


Message History

The orc priest shouts!
A bat comes into view. x2
Casting: Spider Form (quite dangerous; 19% risk of failure)
Confirm with . or Enter, or press ? or * to list all spells.
The spell is quite dangerous to miscast (19% risk of failure)!
Continue anyway?
You turn into a venomous arachnid creature.
Ponyjar's ghost turns its malevolent gaze towards you.
An orc comes into view. It is wielding a +0 club.
Unknown command.
The bat misses you.
Ponyjar's ghost whispers, "The ORB doesn't exist."
The bat attacks as you move away! The bat closely misses you.
The bat barely misses you. x2
Casting: Spider Form (quite dangerous; 38% risk of failure)
Confirm with . or Enter, or press ? or * to list all spells.
You miscast Wereblood.
Nothing appears to happen.
The bat completely misses you.
The bat misses you. x2; The bat hits you.
The bat misses you. The bat attacks as you move away!
The bat barely misses you. x2
The bat hits you.
There is a stone staircase leading up here.
You hit the bat.
The bat is severely wounded.
The bat hits you but does no damage. The bat closely misses you.
You hit the bat.
You kill the bat!
The bat misses you.
You barely miss the bat.
The bat is severely wounded.
The bat closely misses you. x2; The iguana bites you!
You barely miss the iguana. The bat hits you but does no damage.
The iguana misses you.
You bite the bat!
You kill the bat!
The orc priest hits you with a +0 flail.
The iguana bites you!
You are too injured to fight recklessly!
You barely miss the iguana. The orc priest closely misses you.
The iguana bites you!
You die...

### ..# #.# #.#
#.# #.#######
#.†s....#
#.ol###.####o
#.#.###......
#.....l.o....
#............
#...###o...##.
#...##W##...#
#...##...##...#
>...##.....##..#


You could see an iguana, an orc priest and ponyjar's ghost.

Vanquished Creatures
  Natasha (thrice) (D:2)
  2 adders (D:2)
  3 dart slugs (D:2)
  4 ball pythons
  4 endoplasms
  2 giant cockroaches
  2 goblins (D:2)
  2 hobgoblins
  5 kobolds
  4 bats
  2 frilled lizards (D:1)
  3 rats (D:1)
36 creatures vanquished.

Notes
Turn   | Place    | Note
-------+----------+-------------------------------------------
     0 | D:1      | ytrimaz the Octopode Transmuter began the quest for the
                  | Orb.
     0 | D:1      | Reached XP level 1. HP: 13/13 MP: 3/3
   473 | D:1      | Reached XP level 2. HP: 18/18 MP: 3/5
  1279 | D:2      | Reached skill level 4 in Unarmed Combat
  1279 | D:2      | Reached XP level 3. HP: 22/23 MP: 4/6
  1280 | D:2      | Noticed Natasha
  1286 | D:2      | Learned a level 2 spell: Wereblood
  1290 | D:2      | Learned a level 3 spell: Spider Form
  1751 | D:2      | Killed Natasha
  1752 | D:2      | Reached skill level 1 in Poison Magic
  1752 | D:2      | Reached XP level 4. HP: 22/28 MP: 4/7
  1805 | D:2      | Noticed Natasha
  1810 | D:2      | Killed Natasha
  1842 | D:2      | Noticed Natasha
  1854 | D:2      | Killed Natasha
  1855 | D:2      | Reached XP level 5. HP: 29/33 MP: 4/8
  2207 | D:2      | Found a runed translucent door.
  2208 | D:2      | Noticed Crazy Yiuf
  2549 | D:3      | Noticed ponyjar's ghost (weakling KoDe)
  2564 | D:3      | Slain by an iguana

Illustrated notes

Levels and vault maps discovered:
D:1:      nicolae_arrival_washed_ashore, layout_loops_ring,
          hangedman_decor_push, patterned_corridor
D:2:      layout_loops_ring, uniq_crazy_yiuf_cottage, uniq_natasha
D:3:      lemuel_castle_with_subvaults [lemuel_castle_interior_carwin_3],
          layout_loops_cross, hellmonk_ghost_happy_afterlife,
          dreamdust_ecumenical_altar_drowned_temple, kennysheep_pointless_box,
          uniq_jessica

Skill      XL: |  1  2  3  4 |
---------------+-------------+-----
Unarmed Combat | 4 |  4.2
Poison Magic   | 1 2 |  2.6
Fighting       | |  1.0
Dodging        | |  2.0
Spellcasting   | |  2.6
Transmutations | |  2.7

Action                   |  1- 3 |  4- 6 || total
-------------------------+-------+-------++-------
Melee: Unarmed           |    56 |    31 ||    87
       Constrict         |    14 |     4 ||    18
       Kick              |     8 |     2 ||    10
       Tentacles         |     6 |       ||     6
       Punch             |     2 |       ||     2
 Cast: Beastly Appendage |    11 |     8 ||    19
       Spider Form       |     2 |     4 ||     6
  Use: Scroll            |     3 |     3 ||     6
       Potion            |     1 |       ||     1
 Stab: Sleeping          |     7 |     2 ||     9
       Distracted        |     1 |       ||     1
Armor: Skin              |     5 |     3 ||     8
Dodge: Dodged            |    46 |    32 ||    78

Table legend: (Time is in decaauts)
 A = Elapsed time spent in this place.
 B = Non-inter-level travel time spent in this place.
 C = Inter-level travel time spent in this place.
 D = Time resting spent in this place.
 E = Time spent auto-exploring this place.
 F = Levels seen in this place.
 G = Mean time per level.
                   A        B        C        D        E       F      G
               +--------+--------+--------+--------+--------+-----+--------+
         Total |   2576 |   2524 |     52 |    160 |   2045 |   3 |  858.7 |
       Dungeon |   2576 |   2524 |     52 |    160 |   2045 |   3 |  858.7 |
               +--------+--------+--------+--------+--------+-----+--------+

Top non-repeatable levels by time:
     D:2: 1382 daAuts
     D:1: 1172 daAuts
     D:3: 21 daAuts
